 Dungeon Crawl Stone Soup version 0.31.0-12-g77e489cdc1 (webtiles) character file.

Game seed: 4674678206837921136

32527 bearlyready the Grappler (level 13, -6/124 HPs)
             Began as a Troll Shapeshifter on Feb 11, 2024.
             Was an Initiate of Gozag.
             Mangled by an elephant (9 damage)
             ... on level 4 of the Lair of Beasts.
             The game lasted 00:29:55 (15460 turns).

bearlyready the Grappler (Troll Shapeshifter)      Turns: 15460, Time: 00:29:56

Health: -6/124     AC:  8    Str: 29    XL:     13   Next: 31%
Magic:  12/12      EV: 11    Int:  6    God:    Gozag
Gold:   2973       SH:  0    Dex: 21    Spells: 12/12 levels left

rFire   . .          .
                       - Unarmed
rCold   + . .        (no shield)
rNeg    . . .        j - +0 acid dragon scales
rPois   .            (helmet currently unavailable)
rElec   .            (cloak currently unavailable)
rCorr   +            (gloves unavailable)
SInv    .            (boots unavailable)
Will    .....        g - amulet of the acrobat
Stlth   +            k - +6 ring of dexterity
HPRegen 1.20/turn    w - +6 ring of dexterity
MPRegen 0.13/turn

%: acrobat
@: mighty, beast-form, gold aura
A: beast (slay +4), large, unfitting armour, claws 3, regeneration 1, shaggy fur
1, tough skin 1, cold resistance 1
a: Begin Untransformation, Renounce Religion, Potion Petition, Call Merchant,
Bribe Branch


You were on level 4 of the Lair of Beasts.
You worshipped Gozag.
Gozag was most pleased with you.
You were a hulking beast.
You visited 3 branches of the dungeon, and saw 18 of its levels.
You also visited: Ossuary and Bailey.

You collected 4131 gold pieces.
You spent 407 gold pieces at shops.
You paid 751 gold pieces to Gozag.

Inventory:

Missiles
 e - 119 stones
 i - 13 boomerangs (quivered)
 l - 18 poisoned darts
 r - 5 curare-tipped darts
 N - 24 javelins
Armour
 j - +0 acid dragon scales (worn)
 s - a +0 cloak
 L - a +0 kite shield
 R - a +0 kite shield
Jewellery
 a - a ring of protection from fire
 g - an amulet of the acrobat (around neck)
 k - a +6 ring of dexterity (left claw)
 u - a +6 ring of intelligence
 w - a +6 ring of dexterity (right claw)
 K - a ring of see invisible
 O - a ring of positive energy
Talismans
 c - a beast talisman (active)
 d - a flux talisman
 q - a serpent talisman
 B - a maw talisman
Wands
 p - a wand of mindburst (17)
 v - a wand of flame (52)
 Q - a wand of iceblast (4)
Scrolls
 f - 3 scrolls of revelation
 h - 2 scrolls of immolation
 n - a scroll of fear
 o - 5 scrolls of amnesia
 t - 3 scrolls of blinking
 y - 5 scrolls of enchant weapon
 D - a scroll of fog
 G - 7 scrolls of teleportation
 H - 2 scrolls of poison
 I - a scroll of identify
 J - a scroll of summoning
 M - a scroll of vulnerability
 P - 3 scrolls of enchant armour
Potions
 b - 2 potions of lignification
 m - 5 potions of degeneration
 x - 3 potions of cancellation
 z - a potion of curing
 A - 5 potions of brilliance
 C - 2 potions of resistance
 E - a potion of mutation
 F - 2 potions of might


   Skills:
 - Level 7.1 Fighting
 - Level 3.0 Throwing
 + Level 2.5 Armour
 + Level 3.2 Dodging
 + Level 14.3 Unarmed Combat
 - Level 4.0 Evocations
 + Level 13.3 Shapeshifting


You had 12 spell levels left.
You didn't know any spells.
Your spell library contained the following spells:

 Spells                   Type           Power      Damage    Failure   Level
 Summon Small Mammal      Summ           0%         N/A       52%         1
 Call Canine Familiar     Summ           0%         N/A       87%         3
 Ozocubu's Armour         Ice            0%         N/A       87%         3
 Summon Blazeheart Golem  Fire/Summ      0%         N/A       99%         4
 Metabolic Englaciation   Hex/Ice        0%         N/A       100%        5
 Sculpt Simulacrum        Ice/Alch       0%         N/A       100%        6


Dungeon Overview and Level Annotations

Branches:
Dungeon (12/15)            Temple (0/1) D:7            Lair (4/5) D:10
 Shoals (0/4) Lair:3       Spider (0/4) Lair:3          Orc (2/2) D:10
Ossuary (visited)          Bailey (visited)
  Slime: Lair:4-5       Elf: Orc:2

Altars:
Ashenzari
Dithmenos
Fedhas
Gozag
Kikubaaqudgha
Ru
Trog
Uskayaw
Xom
Jiyva

Shops:
D:1 *   D:6 (   D:9 =   D:11 *

Annotations:
D:9 3 runed translucent doors, ProzacElf's ghost, novice DrSh
D:12 Jorgrun
Lair:1 1 runed translucent door, Melum's ghost, journeyman OnSh
Lair:4 1 runed translucent door, Fiha's ghost, journeyman VSSh


Innate Abilities, Weirdness & Mutations

You are a hulking beast.
Your limbs bulge with bestial killing power. (Slay +4)
You are too large for most types of armour.
You have claws for hands.
Your natural rate of healing is unusually fast.
You are covered in fur. (AC +1)
You have tough skin. (AC +1)
Your flesh is cold resistant. (rC+)


Message History

The elephant tramples you!
You hold your ground!
The elephant barely misses you.
You claw the elephant!
The elephant is lightly wounded.
The elephant tramples you but does no damage.
The elephant closely misses you.
The elephant tramples you but does no damage.
The elephant trunk-slaps you.
An elephant comes into view.
The elephant trumpets!
You mangle the elephant!!
You kill the elephant!
The elephant tramples you.
You hold your ground!
The elephant misses you.
The elephant is distracted by your dazzling golden aura.
The elephant completely misses you. The elephant misses you.
The elephant completely misses you. x2
The fire bat bites you but does no damage.
The elephant trumpets!
You see here 25 gold pieces.
You claw the elephant!
The elephant is moderately wounded.
The fire bat bites you.
You are engulfed in flames!
* * * LOW HITPOINT WARNING * * *
The elephant tramples you!
* * * LOW HITPOINT WARNING * * *
You hold your ground!
The elephant barely misses you.
The elephant is distracted by your dazzling golden aura.
The elephant tramples you but does no damage.
The elephant trunk-slaps you.
* * * LOW HITPOINT WARNING * * *
The elephant trumpets!
You scratch the elephant. You claw the elephant!
The elephant is heavily wounded.
The elephant is no longer distracted by gold.
The fire bat barely misses you. The elephant tramples you!
* * * LOW HITPOINT WARNING * * *
You hold your ground!
The elephant barely misses you. The elephant tramples you!
You die...
Your body crumbles into a pile of gold.

###............##
#..............P#
#..............#
#..............#
#..P...........#
##.P............#
#...............##
...............bY#
..Y..........Y.Yh##
...#..........YY#Y#
..............Y..##
...P............##
............>...#
.....##.##P..#.##
....#######P####
....# ### ....#


You could see 7 elephants and a fire bat.

Vanquished Creatures
  Erolcha (D:12)
  Erica (Lair:2)
  A two-headed ogre (D:11)
  Sonja (D:11)
  An orc knight (Orc:1)
  2 manticores (D:11)
  A wolf spider (Lair:3)
  4 elephants (Lair:4)
  7 black mambas
  Maggie (Lair:1)
  2 unseen horrors
  8 cane toads
  A rime drake (Lair:1)
  7 komodo dragons
  2 trolls
  A polar bear (Lair:4)
  13 blink frogs
  A hornet (D:10)
  30 yaks
  2 vampires (D:11)
  2 wraiths
  2 basilisks (Lair:2)
  A redback (Lair:3)
  A steam dragon (D:8)
  An acid dragon (D:10)
  12 water moccasins
  A black bear (D:5)
  20 orc warriors
  An ice beast (D:3)
  A hornet zombie (D:6)
  3 ogres
  5 wolves (D:10)
  14 centaurs
  2 phantoms
  A kobold brigand (D:5)
  13 bullfrogs
  3 elf zombies (Ossuary)
  2 gnoll sergeants
  3 scorpions
  A wyvern zombie (D:6)
  2 water moccasin zombies (D:6)
  10 wights
  A water moccasin skeleton (D:6)
  2 howler monkeys
  12 killer bees
  3 electric eels (D:10)
  2 bombardier beetles
  2 quasits (D:7)
  A bullfrog zombie (D:6)
  2 centaur zombies
  2 human zombies
  6 orc priests
  7 hounds
  3 jellies
  2 sleepcaps
  A gnoll bouda (D:8)
  2 iguanas
  14 orc wizards
  5 hound zombies (Ossuary)
  2 mummies (Ossuary)
  Robin (D:4)
  17 gnolls
  14 adders
  A howler monkey skeleton (D:6)
  2 shadow imps
  3 white imps
  2 ufetubi (D:7)
  2 adder zombies (Ossuary)
  2 dart slugs (D:1)
  3 ribbon worms
  82 orcs
  8 ball pythons
  5 bats
  8 endoplasms
  5 giant cockroaches
  5 gnoll zombies (Ossuary)
  18 goblins
  11 hobgoblins
  12 jackals
  14 kobolds
  5 quokkas
  4 frilled lizards (D:1)
  7 jackal zombies (Ossuary)
  5 kobold zombies (Ossuary)
  8 orc zombies (Ossuary)
  6 rats
507 creatures vanquished.

Vanquished Creatures (collateral kills)
  A cane toad (Lair:1)
  A centaur (D:11)
  An orc wizard (D:11)
  An orc (D:11)
4 creatures vanquished.

Vanquished Creatures (others)
  A centaur warrior (D:11)
  A boulder beetle (Lair:1)
  A water moccasin (Lair:1)
  2 centaurs (D:11)
  An orc wizard (D:9)
  An orc (Bailey)
7 creatures vanquished.

Grand Total: 518 creatures vanquished

Notes
Turn   | Place    | Note
-------+----------+-------------------------------------------
     0 | D:1      | bearlyready the Troll Shapeshifter began the quest for the
                  | Orb.
     0 | D:1      | Reached XP level 1. HP: 18/18 MP: 0/0
   127 | D:1      | Reached XP level 2. HP: 26/26 MP: 1/1
   193 | D:1      | Found Qisa's Assorted Antiques.
   235 | D:1      | Reached XP level 3. HP: 32/32 MP: 2/2
   543 | D:1      | Found Nukk's Assorted Antiques.
   719 | D:1      | Found a faded altar of an unknown god.
   795 | D:2      | Reached skill level 4 in Unarmed Combat
   802 | D:2      | Reached XP level 4. HP: 40/40 MP: 3/3
   961 | D:2      | Found a hide-covered altar of Uskayaw.
  1334 | D:2      | Identified the +3 plate armour "Irghie" {rN+ Dex+5}
  1534 | D:3      | Reached XP level 5. HP: 46/46 MP: 4/4
  1546 | D:3      | Reached skill level 1 in Throwing
  1752 | D:3      | Noticed an ice beast
  1764 | D:3      | Killed an ice beast
  1765 | D:3      | Reached XP level 6. HP: 36/54 MP: 5/5
  1987 | D:3      | Reached skill level 5 in Unarmed Combat
  2229 | D:4      | Reached skill level 5 in Shapeshifting
  2283 | D:4      | Found an opulent altar of Gozag.
  2288 | D:4      | Found an opulent altar of Gozag.
  2288 | D:4      | Found an opulent altar of Gozag.
  2296 | D:4      | Found an opulent altar of Gozag.
  2348 | D:4      | Became a worshipper of Gozag Ym Sagoz the Greedy
  2411 | D:4      | Found a sacrificial altar of Ru.
  2476 | D:4      | Reached XP level 7. HP: 61/61 MP: 6/6
  2723 | D:4      | Found a blossoming altar of Fedhas.
  2735 | D:4      | Noticed Robin
  2752 | D:4      | Killed Robin
  2815 | D:4      | Found a sand-covered staircase.
  2824 | Ossuary  | Entered an ossuary
  2898 | Ossuary  | Reached skill level 1 in Fighting
  3031 | Ossuary  | Reached skill level 1 in Evocations
  3040 | Ossuary  | Reached skill level 6 in Unarmed Combat
  3706 | D:5      | Entered Level 5 of the Dungeon
  3752 | D:5      | Reached XP level 8. HP: 63/72 MP: 7/7
  4702 | D:6      | Reached skill level 7 in Unarmed Combat
  4794 | D:6      | Found Fuulibya's Antique Weapon Shoppe.
  4863 | D:6      | Found a broken altar of Ashenzari.
  5111 | D:6      | Reached XP level 9. HP: 70/84 MP: 8/8
  5135 | D:6      | Found an ancient bone altar of Kikubaaqudgha.
  5257 | D:7      | Identified the +3 dagger of the Baleful God {chaos, rElec
                  | Int+5}
  5787 | D:7      | Found a staircase to the Ecumenical Temple.
  6224 | D:8      | Reached skill level 8 in Unarmed Combat
  6477 | D:8      | Reached skill level 5 in Fighting
  6644 | D:8      | Found a shadowy altar of Dithmenos.
  6730 | D:8      | Reached XP level 10. HP: 53/96 MP: 9/9
  7115 | D:8      | Reached skill level 9 in Unarmed Combat
  7650 | D:9      | Found a bloodstained altar of Trog.
  7761 | D:9      | Found a runed translucent gate.
  7761 | D:9      | Found a runed translucent gate.
  7762 | D:9      | Found a runed translucent gate.
  7762 | D:9      | Noticed ProzacElf's ghost (novice DrSh)
  7802 | D:9      | Found Asafost's Jewellery Boutique.
  7936 | D:9      | Found a viscous altar of Jiyva.
  7944 | D:10     | Entered Level 10 of the Dungeon
  8056 | D:10     | Found a flagged portal.
  8103 | Bailey   | Entered a bailey
  8255 | Bailey   | Reached skill level 10 in Unarmed Combat
  8387 | Bailey   | Reached XP level 11. HP: 103/107 MP: 10/10
  9197 | D:10     | Found a staircase to the Orcish Mines.
  9257 | D:10     | Found a hide-covered altar of Uskayaw.
  9330 | D:10     | Reached skill level 10 in Shapeshifting
  9419 | D:10     | Found a staircase to the Lair.
  9538 | D:10     | Reached skill level 11 in Unarmed Combat
  9824 | D:11     | Found Uting's Assorted Antiques.
  9827 | D:11     | Bought a scroll of blinking for 165 gold pieces
  9827 | D:11     | Bought 3 potions of lignification for 198 gold pieces
  9827 | D:11     | Bought a scroll of identify for 44 gold pieces
 10185 | D:11     | Noticed Sonja
 10189 | D:11     | Noticed a centaur warrior
 10218 | D:11     | HP: 2/163 [centaur warrior (8)]
 10239 | D:11     | Gained mutation: Your flesh is cold resistant. (rC+)
                  | [potion of mutation]
 10599 | D:11     | Killed Sonja
 10741 | D:11     | Noticed a two-headed ogre
 10745 | D:11     | Killed a two-headed ogre
 10838 | D:12     | Noticed Erolcha
 10843 | D:12     | Killed Erolcha
 10844 | D:12     | Reached skill level 12 in Unarmed Combat
 10849 | D:12     | Noticed Jorgrun
 10953 | Orc:1    | Entered Level 1 of the Orcish Mines
 10959 | Orc:1    | Reached XP level 12. HP: 96/118 MP: 11/11
 11427 | Orc:1    | Noticed an ettin
 11506 | Orc:2    | Entered Level 2 of the Orcish Mines
 11582 | Lair:1   | Entered Level 1 of the Lair of Beasts
 11726 | Lair:1   | Noticed a boulder beetle
 12095 | Lair:1   | Noticed Maggie
 12107 | Lair:1   | Killed Maggie
 12108 | Lair:1   | Reached skill level 13 in Unarmed Combat
 12201 | Lair:1   | Identified the blade talisman "Iceus" {*Slow +Blink rC+
                  | rN++}
 12481 | Lair:1   | Found a runed translucent door.
 12481 | Lair:1   | Noticed Melum's ghost (journeyman OnSh)
 13341 | Lair:2   | Noticed Erica
 13349 | Lair:2   | Killed Erica
 13632 | Lair:2   | Reached skill level 14 in Unarmed Combat
 14381 | Lair:3   | Reached XP level 13. HP: 118/124 MP: 12/12
 14447 | Lair:3   | Found a staircase to the Shoals.
 14668 | Lair:3   | Reached skill level 1 in Armour
 14726 | Lair:3   | Found a hole to the Spider Nest.
 15216 | Lair:4   | Found a runed translucent door.
 15218 | Lair:4   | Found a shimmering altar of Xom.
 15218 | Lair:4   | Noticed Fiha's ghost (journeyman VSSh)
 15218 | Lair:4   | Identified the +0 demon trident of Welaquc {chaos, rCorr}
 15460 | Lair:4   | HP: 3/124 [elephant (16)]
 15460 | Lair:4   | Mangled by an elephant

Illustrated notes

Levels and vault maps discovered:
D:1:      dpeg_chamrin_arrival_tetris, layout_basic,
          shapermc_ecumenical_altar_acropolis, serial_shops,
          nicolae_shop_gibbet_a_chance, shop
D:2:      layout_loops_ring, basic_altar, kennysheep_nondescript, minivault_23,
          corexii_corridor_pit
D:3:      minmay_diamond_boxcup, layout_loops_ring
D:4:      layout_layer_cave, mainiacjoe_overflow_small_starburst,
          nicolae_overflow_hidden_temple, nicolae_gozag_conspicuous_consumption,
          enter_ossuary_1, uniq_robin
D:5:      layout_basic
D:6:      layout_cave_pools, lemuel_mausoleum_altar_kikubaaqudgha,
          overflow_temple_1_default, serial_column_ruins, column_ruins_pillar_1,
          column_ruins_pillar_1, column_ruins_pillar_6, column_ruins_pillar_5,
          column_ruins_pillar_1, column_ruins_pillar_6, column_ruins_pillar_1,
          column_ruins_pillar_9, column_ruins_pillar_1, column_ruins_pillar_1,
          column_ruins_pillar_4, column_ruins_pillar_7, column_ruins_pillar_9,
          column_ruins_pillar_2, column_ruins_pillar_1, column_ruins_pillar_6,
          serial_shops, nicolae_shop_tiny_glass
D:7:      layout_cave_pods, minmay_temple_entry_from_below_a, serial_demonic,
          serial_demonic_g, serial_demonic_b, serial_demonic_a, serial_demonic_d
D:8:      layout_rooms, overflow_temple_1_default
D:9:      layout_rooms, trog_three_pillars_becter, gammafunk_ghost_ooze,
          serial_shops, shop
D:10:     layout_roguey, lemuel_doored_altar, erik_lair_island, david_orc_2,
          enter_bailey_5
D:11:     layout_basic, serial_shops, nicolae_shop_real_fake_doors,
          kennysheep_generic_room_15, uniq_sonja
D:12:     layout_loops_ring, serial_library_hellmonk_statue_hall,
          kennysheep_diamond, uniq_erolcha, uniq_fannar, uniq_jorgrun
Lair:1:   layout_big_grid, gammafunk_ghost_grave, wad_woods_road_06,
          lemuel_fruit_fields, lemuel_fruit_tree, uniq_maggie
Lair:2:   layout_small_grid, grunt_megastairs_2, uniq_erica
Lair:3:   layout_regular_city, minmay_shoals_entry_centaurs,
          spider_nest_entry_funnel_web
Lair:4:   layout_gridlike, ebering_ghost_xom, grunt_megastairs_4
Orc:1:    emtedronai_trogs_sanctum, layout_diamond_mine, serial_shops,
          nicolae_shop_pleasant_corner_grove, minmay_orc_barracks
Orc:2:    grunt_orc_gardens, layout_caves, grunt_orc_garden, grunt_orc_garden,
          grunt_orc_garden, grunt_orc_garden

Skill      XL: |  1  2  3  4  5  6  7  8  9 10 11 12 13 |
---------------+----------------------------------------+-----
Unarmed Combat | 4 5 6 7 8 10 12 14 | 14.3
Shapeshifting  | 4 5 6 7 9 11 13 | 13.3
Throwing       | 1 2 3 |  3.0
Fighting       | 2 3 5 6 7 |  7.1
Evocations     | 1 3 4 |  4.0
Dodging        | 3 |  3.2
Armour         | 2 |  2.5

Action                     |  1- 3 |  4- 6 |  7- 9 | 10-12 | 13-15 || total
---------------------------+-------+-------+-------+-------+-------++-------
  Melee: Unarmed           |    75 |   107 |   390 |   520 |    96 ||  1188
         Punch             |     2 |     2 |    14 |    30 |    10 ||    58
         Maw               |       |       |       |    39 |       ||    39
  Throw: Dart              |       |     5 |       |    10 |       ||    15
         Boomerang         |       |       |       |   103 |       ||   103
 Invoke: Potion Petition   |       |       |       |     2 |       ||     2
  Evoke: Wand              |       |       |     1 |    36 |       ||    37
    Use: Scroll            |       |     3 |     5 |    16 |       ||    24
         Potion            |       |       |     1 |    17 |     1 ||    19
   Stab: Sleeping          |       |     3 |     4 |     1 |       ||     8
         Distracted        |       |     1 |     2 |     5 |     1 ||     9
 Armour: Animal skin       |    40 |    43 |   214 |   283 |       ||   580
         Skin              |       |       |     6 |   141 |       ||   147
         Acid dragon scale |       |       |       |    89 |    88 ||   177
  Dodge: Dodged            |    28 |    56 |   181 |   379 |    66 ||   710
   Form: Serpent           |       |       |       |     1 |       ||     1
         Beast             |       |       |       |     1 |       ||     1
         Maw               |       |       |       |     1 |       ||     1
